 Dungeon Crawl Stone Soup version 0.32-a0-630-g46d191b0ed (webtiles) character file.

Game seed: 13023454043537844135

1 growler the Charlatan (level 1, 0/15 HPs)
             Began as a Coglin Artificer on Mar 6, 2024.
             Slain by a quokka (1 damage)
             ... on level 1 of the Dungeon.
             The game lasted 00:00:17 (74 turns).

growler the Charlatan (Coglin Artificer)              Turns: 74, Time: 00:00:17

Health: 0/15       AC:  3    Str: 12    XL:     1   Next: 20%
Magic:  1/1        EV: 11    Int: 10    God:
Gold:   15         SH:  0    Dex: 14    Spells: 0/0 levels left

rFire   . . .        a - +0 club {Qitarah}
rCold   . . .        f - +0 dagger {Gisele}
rNeg    . . .        b - +0 leather armour
rPois   .            (no helmet)
rElec   .            (no cloak)
rCorr   .            (no gloves)
SInv    .            (no boots)
Will    .....        (amulet unavailable)
Stlth   +            (ring unavailable)
HPRegen 0.22/turn    (ring unavailable)
MPRegen 0.07/turn    (no gizmo)

%: no passive effects
@: revved
A: off-hand wielding, slow wielding, warmup strikes, no jewellery
a: Invent Gizmo


You were on level 1 of the Dungeon.
You visited 1 branch of the dungeon, and saw 1 of its levels.

You collected 15 gold pieces.

Inventory:

Hand Weapons
 a - a +0 club (weapon) {Qitarah}
 f - a +0 dagger (offhand) {Gisele}
Armour
 b - a +0 leather armour (worn)
Wands
 c - a wand of flame (15) (quivered)
 d - a wand of charming (15)
 e - a wand of iceblast (5)


   Skills:
 + Level 1.1 Fighting
 - Level 1.7 Armour
 - Level 0.8 Dodging
 - Level 0.7 Stealth
 + Level 4.0 Evocations


You couldn't memorise any spells.
You didn't know any spells.
Your spell library was empty.

Dungeon Overview and Level Annotations

Branches:
Dungeon (1/15)

Altars:


Innate Abilities, Weirdness & Mutations

You can wield a second weapon in your off-hand.
It takes a long time for you to wield or remove held weapons.
Your first few attacks do less damage.
You cannot equip rings or amulets.


Message History

An endoplasm comes into view.
There is an open door here.
Found a leather armour.
The endoplasm quivers.
The endoplasm freezes you.
You are frozen.
You hit the endoplasm with your +0 club.
The endoplasm is moderately wounded.
You barely miss the endoplasm with your +0 dagger.
The endoplasm misses you.
You hit the endoplasm with your +0 club.
You kill the endoplasm!
No target in view!
HP restored.
Found a pair of boots.
A quokka comes into view.
You hit the quokka but do no damage.
You barely miss the quokka with your +0 dagger.
The quokka completely misses you. The quokka bites you.
You closely miss the quokka with your +0 dagger.
You hit the quokka but do no damage.
The quokka bites you but does no damage.
You hit the quokka but do no damage. You hit the quokka with your +0 dagger.
The quokka bites you.
You closely miss the quokka with your +0 dagger.
The quokka is lightly wounded.
You hit the quokka with your +0 club. The quokka bites you. x2
* * * LOW HITPOINT WARNING * * *
You hit the quokka but do no damage.
The quokka is moderately wounded.
You hit the quokka but do no damage. The quokka barely misses you.
You hit the quokka but do no damage.
The quokka is moderately wounded.
You hit the quokka with your +0 dagger. The quokka bites you.
* * * LOW HITPOINT WARNING * * *
You hit the quokka but do no damage.
The quokka is heavily wounded.
You barely miss the quokka with your +0 dagger.
The quokka bites you.
You die...

#..........###...
####..###...'..<. #
#....# ##.###...
.### #.##.# #.# ##.#
... #.##.# #.# ##'#
#.. ##.##.# #.###.##
#.##..##.####.##.##.
#..............##'..
##.@r####....[ ###.
#.........# . . ##
#............. #
#.........#...
#....[....# ..
########### .


You could see a quokka.

Vanquished Creatures
  An endoplasm (D:1)
1 creature vanquished.

Notes
Turn   | Place    | Note
-------+----------+-------------------------------------------
     0 | D:1      | growler the Coglin Artificer began the quest for the Orb.
     0 | D:1      | Reached XP level 1. HP: 15/15 MP: 1/1
    74 | D:1      | Slain by a quokka

Illustrated notes

Levels and vault maps discovered:
D:1:      dpeg_arrival_rhombi, layout_rooms

Action                     || total
---------------------------++-------
  Melee: Club              ||     9
         Dagger            ||     8
 Armour: Leather armour    ||     7
  Dodge: Dodged            ||     3

Table legend: (Time is in decaauts)
 A = Elapsed time spent in this place.
 B = Non-inter-level travel time spent in this place.
 C = Inter-level travel time spent in this place.
 D = Time resting spent in this place.
 E = Time spent auto-exploring this place.
 F = Levels seen in this place.
 G = Mean time per level.
                   A        B        C        D        E       F      G
               +--------+--------+--------+--------+--------+-----+--------+
         Total |     75 |     75 |      0 |      0 |     55 |   1 |   75.0 |
       Dungeon |     75 |     75 |      0 |      0 |     55 |   1 |   75.0 |
               +--------+--------+--------+--------+--------+-----+--------+

Top non-repeatable levels by time:
     D:1: 75 daAuts
